 Dungeon Crawl Stone Soup version 0.26-a0-652-gafc20e3620 (webtiles) character file.

Game seed: 10802709147815322910

857547 reriks the Slayer (level 27, -2/266 HPs)
             Began as a Minotaur Fighter on Oct 2, 2020.
             Was the Champion of Cheibriados.
             Slain by Ereshkigal (22 damage)
             ... on level 7 of Tartarus.
             The game lasted 04:07:00 (107692 turns).

reriks the Slayer (Minotaur Fighter)              Turns: 107692, Time: 04:07:01

Health: -2/266     AC: 39    Str: 40    XL:     27
Magic:  36/36      EV: 39    Int: 25    God:    Cheibriados [******]
Gold:   6788       SH: 21    Dex: 34    Spells: 33/42 levels left

rFire    + + +     SeeInvis +   a - +1 broad axe of the Wilderness {holy, *Slow +Rage rF+ rC+}
rCold    + + +     Faith    .   l - +0 kite shield {reflect}
rNeg     + . .     Spirit   .   K - +6 gold dragon scales
rPois    +         Reflect  +   M - +2 hat
rElec    +         Harm     .   H - scarf {repulsion}
rCorr    +         Rampage  .   V - +0 pair of gloves of Disguise {-Cast MR+ Dex+5}
MR       +++..     NoCast   +   v - +2 pair of boots
Stlth    ..........             y - amulet "Ziath" {rN+ Regen+}
HPRegen  0.94/turn              N - ring of see invisible
MPRegen  0.25/turn              J - ring of Phasing {EV+8}

@: mighty, resistant, lightly drained, repel missiles, very slow
A: retaliatory headbutt, horns 2, fire resistance 2, sense surroundings 1, wild
magic 1
}: 4/15 runes: barnacled, silver, obsidian, gossamer
a: Bend Time, Temporal Distortion, Slouch, Step From Time, Renounce Religion,
Evoke Berserk Rage


You were on level 7 of Tartarus.
You worshipped Cheibriados.
Cheibriados was exalted by your worship.
You visited 14 branches of the dungeon, and saw 74 of its levels.
You also visited: Gauntlet and Ice Cave.

You collected 8958 gold pieces.
You spent 2170 gold pieces at shops.

Inventory:

Hand Weapons
 a - the +1 broad axe of the Wilderness (weapon) {holy, *Slow +Rage rF+ rC+}
   (You took it off a deep elf demonologist on level 3 of the Elven Halls)

   It has been blessed by the Shining One to cause great damage to the undead
   and demons.
   It protects you from fire.
   It protects you from cold.
   It lets you go berserk.
   It may slow you when you take damage.
 b - the +5 hand crossbow "Pome" {freeze, rPois rF- MR+++ MP-9}
   (You found it on level 3 of the Lair of Beasts)

   It causes projectiles fired from it to freeze those they strike, causing
   extra injury to most foes and up to half again as much damage against
   particularly susceptible opponents.
   They can also slow down cold-blooded creatures.
   It makes you vulnerable to fire.
   It protects you from poison.
   It affects your resistance to hostile enchantments.
   It affects your magic capacity (-9).
 t - the +7 sceptre of Asmodeus
   (You took it off Asmodeus on level 7 of Gehenna)
 E - the +7 sceptre of Torment {pain, torment}
   (You found it on level 1 of the Crypt)

   In the hands of one skilled in necromantic magic, it inflicts extra damage on
   living creatures.
 I - a +2 executioner's axe of electrocution
 Q - a +4 broad axe of draining
Missiles
 i - 2193 bolts
Armour
 l - a +0 kite shield of reflection (worn)
 n - a +2 pair of gloves
 v - a +2 pair of boots (worn)
 H - a scarf of repulsion (worn)
 K - +6 gold dragon scales (worn)
 M - a +2 hat (worn)
 V - the +0 pair of gloves of Disguise (worn) {-Cast MR+ Dex+5}
   (You found it in a Gauntlet)

   It affects your dexterity (+5).
   It affects your resistance to hostile enchantments.
   It prevents spellcasting.
Jewellery
 r - a +4 ring of protection
 x - the amulet "Bamiasodd" {Spirit +Fly Int+4 Stlth-}
   (You took it off a fire giant on level 2 of the Depths)

   [amulet of guardian spirit]

   It causes incoming damage to be split between your health and magic.
   It affects your intelligence (+4).
   It lets you fly.
   It makes you less stealthy.
 y - the amulet "Ziath" (around neck) {rN+ Regen+}
   (You acquired it on level 1 of the Depths)

   [amulet of regeneration]

   It protects you from negative energy.
   It increases your rate of regeneration.
 D - an uncursed ring of protection from cold
 J - the ring of Phasing (right hand) {EV+8}
   (You found it on level 2 of the Depths)

   [ring of evasion]

   It affects your evasion (+8).
 N - a ring of see invisible (left hand)
 P - an uncursed ring of protection from magic
 X - the amulet "Jioxtel" {Spirit rF+ Int+4}
   (You took it off a minotaur in a Gauntlet)

   [amulet of guardian spirit]

   It causes incoming damage to be split between your health and magic.
   It affects your intelligence (+4).
   It protects you from fire.
 Z - an uncursed ring of resist corrosion
Wands
 f - a wand of acid (50)
 G - a wand of iceblast (67)
 S - a wand of digging (23)
Scrolls
 e - 12 scrolls of amnesia
 g - 7 scrolls of fog
 j - 18 scrolls of teleportation
 k - 4 scrolls of fear
 m - 22 scrolls of remove curse
 s - 10 scrolls of blinking
 u - 8 scrolls of magic mapping
 w - 2 scrolls of holy word
 C - 31 scrolls of identify
 F - 5 scrolls of enchant weapon
 O - 2 scrolls of summoning
 T - 5 scrolls of silence
Potions
 c - 4 potions of invisibility
 d - a potion of might
 h - 20 potions of curing
 o - 8 potions of flight
 p - 2 potions of resistance
 q - 9 potions of heal wounds
 z - 5 potions of haste
 A - 2 potions of magic
 L - 11 potions of brilliance
 R - 3 potions of cancellation
 U - 6 potions of ambrosia
 W - 4 potions of mutation
 Y - 5 potions of stabbing
Miscellaneous
 B - the horn of Geryon


   Skills:
 + Level 25.3(24.7) Fighting
 + Level 18.9(22.4) Axes
 - Level 22.6(24.1) Maces & Flails
 - Level 14.2(13.7) Crossbows
 - Level 17.8(17.3) Throwing
 + Level 24.2(23.7) Armour
 + Level 22.5(21.9) Dodging
 - Level 13.1(12.6) Stealth
 + Level 24.2(23.7) Shields
 + Level 8.1(7.7) Spellcasting
 + Level 4.8(4.5) Fire Magic
 + Level 20.4(19.9) Invocations


You had 33 spell levels left.
You knew the following spells:

 Your Spells              Type           Power        Failure   Level
a - Fire Storm            Conj/Fire      ####......   100%        9

Your spell library contained the following spells:

 Spells                   Type           Power        Failure   Level
 Foxfire                  Conj/Fire      ####         16%         1
 Animate Skeleton         Necr           ##....       36%         1
 Apportation              Tloc           ##....       36%         1
 Corona                   Hex            ##.....      36%         1
 Magic Dart               Conj           ##..         36%         1
 Pain                     Necr           ##..         36%         1
 Sting                    Tmut/Pois      ##..         36%         1
 Summon Small Mammal      Summ           ##..         36%         1
 Conjure Flame            Conj/Fire      ####....     41%         3
 Inner Flame              Hex/Fire       ####....     41%         3
 Blink                    Tloc           N/A          47%         2
 Call Imp                 Summ           ##......     47%         2
 Corpse Rot               Necr/Air       N/A          47%         2
 Ensorcelled Hibernation  Hex/Ice        ##....       47%         2
 Passwall                 Tmut/Erth      ##......     47%         2
 Poisonous Vapours        Pois/Air       ##....       47%         2
 Searing Ray              Conj           ##....       47%         2
 Slow                     Hex            ##......     47%         2
 Swiftness                Air            ##......     47%         2
 Ignite Poison            Fire/Tmut/Pois ###.....     50%         3
 Call Canine Familiar     Summ           ##......     71%         3
 Confusing Touch          Hex            ##......     71%         3
 Dazzling Flash           Conj/Hex       ##....       71%         3
 Gell's Gravitas          Tloc           ##........   71%         3
 Lesser Beckoning         Tloc           ##........   71%         3
 Mephitic Cloud           Conj/Pois/Air  ##......     71%         3
 Portal Projectile        Hex/Tloc       ##....       71%         3
 Stone Arrow              Conj/Erth      ##....       71%         3
 Summon Guardian Golem    Hex/Summ       ##......     71%         3
 Tukima's Dance           Hex            ##......     71%         3
 Sticky Flame             Conj/Fire      ####....     80%         4
 Airstrike                Air            ##........   97%         4
 Animate Dead             Necr           ##........   97%         4
 Cause Fear               Hex            ##........   97%         4
 Dispel Undead            Necr           ##......     97%         4
 Fulminant Prism          Conj/Hex       ##........   97%         4
 Hailstorm                Conj/Ice       ##......     97%         4
 Ice Form                 Ice/Tmut       ##......     97%         4
 Iskenderun's Mystic Bla  Conj/Tloc      ##......     97%         4
 Leda's Liquefaction      Hex/Erth       ##........   97%         4
 Olgreb's Toxic Radiance  Pois           ##......     97%         4
 Passage of Golubria      Tloc           N/A          97%         4
 Petrify                  Tmut/Erth      ##......     97%         4
 Summon Ice Beast         Ice/Summ       ##......     97%         4
 Summon Lightning Spire   Summ/Air       ##......     97%         4
 Fireball                 Conj/Fire      ####......   98%         5
 Alistair's Intoxication  Tmut/Pois      ##.......    100%        5
 Borgnjor's Vile Clutch   Necr/Erth      ##........   100%        5
 Excruciating Wounds      Necr           ##........   100%        5
 Irradiate                Conj/Tmut      ##........   100%        5
 Lee's Rapid Deconstruct  Erth           ##........   100%        5
 Metabolic Englaciation   Hex/Ice        ##........   100%        5
 Silence                  Hex/Air        ##........   100%        5
 Summon Forest            Summ/Tloc      ##........   100%        5
 Summon Mana Viper        Hex/Summ       ##......     100%        5
 Yara's Violent Unravell  Hex/Tmut       ##........   100%        5
 Death Channel            Necr           ##........   100%        6
 Dispersal                Tloc           ##........   100%        6
 Eringya's Noxious Bog    Tmut/Pois      ##........   100%        6
 Freezing Cloud           Conj/Ice/Air   ##........   100%        6
 Hydra Form               Tmut           ##........   100%        6
 Invisibility             Hex            ##......     100%        6
 Ozocubu's Refrigeration  Ice            ##........   100%        6
 Shadow Creatures         Summ           N/A          100%        6
 Simulacrum               Ice/Necr       ##........   100%        6
 Starburst                Conj/Fire      ####......   100%        6
 Statue Form              Tmut/Erth      ##.......    100%        6
 Dragon Form              Tmut           ##........   100%        7
 Malign Gateway           Summ/Tloc      ##........   100%        7
 Monstrous Menagerie      Summ           ##........   100%        7
 Summon Greater Demon     Summ           ##........   100%        7
 Summon Hydra             Summ           ##........   100%        7
 Chain Lightning          Conj/Air       ##........   100%        8
 Discord                  Hex            ##........   100%        8
 Disjunction              Tloc           ##........   100%        8
 Ignition                 Fire           #####.....   100%        8
 Lehudib's Crystal Spear  Conj/Erth      ##........   100%        8
 Summon Horrible Things   Summ           ##........   100%        8
 Absolute Zero            Ice            ##........   100%        9
 Dragon's Call            Summ           ##........   100%        9


Dungeon Overview and Level Annotations

Branches:
Dungeon (15/15)            Temple (0/1) D:4            Lair (6/6) D:10
 Shoals (4/4) Lair:3       Spider (4/4) Lair:4        Slime (0/5) Lair:6
    Orc (2/2) D:11            Elf (3/3) Orc:2        Vaults (5/5) D:14
  Crypt (3/3) Vaults:3       Tomb (0/3) Crypt:3      Depths (5/5) D:15
   Hell (visited)             Dis (0/7) Hell            Geh (7/7) Hell
    Coc (7/7) Hell            Tar (7/7) Hell            Zot (5/5) Depths:5
  IceCv (visited)         Gauntlet (visited)

Altars:
Ashenzari
Cheibriados
Elyvilon
Fedhas
Gozag
Kikubaaqudgha
Nemelex Xobeh
Okawaru
Ru
Trog
Uskayaw
Xom
Yredelemnul
The Shining One
Beogh
Jiyva

Shops:
D:8 (   Orc:2 :=}}   Shoals:1 :[(*   Shoals:2 }   Depths:2 [}=}

Portals:
Hell: Depths:1 Depths:2 Depths:3 Depths:4 Depths:5
Abyss: Depths:4
Pandemonium: Depths:3
Ziggurat: Depths:5

Annotations:
Tar:7 Ereshkigal


Innate Abilities, Weirdness & Mutations

You reflexively headbutt those who attack you in melee.
You have a pair of horns on your head.
Your flesh is very heat resistant. (rF++)
You passively map a small area around you.
Your spells are a little harder to cast, but a little more powerful.


Message History

The balrug gestures at you.
Your +0 kite shield of reflection reflects the sticky flame!
The sticky flame hits the balrug.
The balrug completely resists.
The balrug is covered in liquid flames!
You completely miss Ereshkigal.
Ereshkigal is almost dead.
You slice the balrug!!
The balrug convulses!!
You kill the balrug!
You block Ereshkigal's attack.
You hit Ereshkigal.
Ereshkigal convulses.
Your headbutt misses Ereshkigal.
Ereshkigal is almost dead.
You block Ereshkigal's attack.
You block the skeletal warrior's attack.
You completely miss Ereshkigal.
Ereshkigal is almost dead.
Ereshkigal becomes audible again.
You block Ereshkigal's attack.
You miss Ereshkigal. Your headbutt misses Ereshkigal.
Ereshkigal is almost dead.
Ereshkigal hits you!!
You die...

,,,,,,,,....................,,,,,
,,,,,,⌠,..........#.........*,,,,
,,,,,,,,.....................,,,,
,,,,,,,,.....................,,,,
,,,,,,,,.....................,,,,
,,,,,,,,.....................,,,,
***********#..z...#.........#.,,,
*,,,,,,,,,,*#.................,,,
,,********,,##..@.............,,,
**+******+***#...&............,,,
***,,,,,,*** #......))........,,,
*,,,,,,,,,,**#....#.))......#.^,,
,,,,,,,,,,,,*#....1...........,,,
,8,,,,,,,,8,*##...............,,,
,,,,,,,,,,,,**#...............,,,
,,,,,,,,,,,,,*##..............,,,
,8,,,,,,,,8,,* #..#.........#.,,,


You could see Ereshkigal, a Tzitzimitl and a skeletal warrior.

Vanquished Creatures
  Asmodeus (Geh:7)
  the Serpent of Hell (Coc:7)
  An ancient lich (Vaults:5)
  Mara (Vaults:5)
  Mennas (Depths:3)
  An orb of fire (Zot:2)
  4 juggernauts
  3 greater mummies (Crypt:1)
  6 shard shrikes
  Geryon (Hell)
  Frederick (Vaults:5)
  Saint Roka (Depths:2)
  A curse toe (Zot:4)
  A caustic shrike (Depths:2)
  12 golden dragons
  A profane servitor (Crypt:3)
  Nikola (Shoals:3)
  the Enchantress (Depths:2)
  A golden dragon (shapeshifter) (Elf:3)
  Arachne (Spider:4)
  22 Tzitzimimeh
  11 bone dragons
  An electric golem (Zot:2)
  9 doom hounds
  23 Brimstone Fiends
  13 liches
  16 Ice Fiends
  A shard shrike skeleton (Crypt:2)
  Jorgrun (Elf:2)
  15 tentacled monstrosities
  11 quicksilver dragons
  Murray (Depths:1)
  7 titans
  2 deep elf master archers (Elf:3)
  2 deep elf blademasters (Elf:3)
  A kraken (Shoals:3)
  7 ancient champions
  11 death cobs
  Gastronok (Lair:2)
  5 sphinxes
  17 shadow dragons
  Polyphemus (Shoals:2)
  9 tengu reavers
  Donald (Spider:4)
  11 storm dragons
  13 fire giants
  Roxanne (Elf:1)
  2 draconian monks
  Ilsuiw (Shoals:4)
  2 revenants
  4 deep elf sorcerers (Elf:3)
  A caustic shrike zombie (Depths:3)
  19 balrugs
  3 emperor scorpions
  15 frost giants
  3 iron dragons
  5 draconian scorchers
  6 deep elf elementalists
  3 orc warlords
  3 draconian knights
  5 ghost moths
  8 draconian shifters
  3 curse skulls
  14 vault wardens
  3 draconian stormcallers
  An emperor scorpion (shapeshifter) (D:15)
  13 ironheart preservers
  35 reapers
  3 ghouls
  10 spriggan defenders
  23 stone giants
  6 war gargoyles
  5 entropy weavers
  3 elemental wellsprings (Coc:7)
  22 very ugly things
  6 draconian annihilators
  8 vampire knights
  An entropy weaver (shapeshifter) (Vaults:5)
  A juggernaut skeleton (Depths:3)
  9 green draconians
  A lorocyproca (Hell)
  11 deep elf demonologists
  11 red draconians
  9 black draconians
  14 white draconians
  6 spark wasps
  A dire elephant (Lair:5)
  14 purple draconians
  12 deep elf annihilators
  17 yellow draconians
  A minotaur (Gauntlet)
  11 blizzard demons
  3 eidola
  A green death (Hell)
  Snorg (Orc:1)
  2 merfolk javelineers
  Josephine (Orc:1)
  13 ettins
  4 quicksilver dragon zombies
  9 deep elf death magi
  2 mummy priests (Crypt:1)
  13 ogre magi
  8 fire dragons
  2 kraken zombies
  21 jiangshi
  22 yaktaur captains
  Harold (D:8)
  Erolcha (Orc:1)
  7 great orbs of eyes
  4 deep elf high priests
  9 merfolk impalers
  31 vault guards
  8 spriggan air magi
  20 ice dragons
  A hell beast (Depths:1)
  A spectral shadow dragon (Crypt:3)
  3 merfolk avatars (Shoals:4)
  Erica (Lair:2)
  2 alligator snapping turtles
  6 hydras
  8 quicksilver dragon skeletons
  2 catoblepae
  13 centaur warriors
  5 ghost crabs
  6 rakshasas
  11 death knights
  4 death yaks
  3 merfolk aquamancers (Shoals:4)
  27 dancing weapons
  42 two-headed ogres
  A queen ant (Lair:2)
  Urug (Lair:4)
  10 deep troll earth magi
  3 titan zombies
  11 vampire magi
  7 deep troll shamans
  22 hell hogs
  3 tengu warriors
  4 orc high priests (Orc:2)
  A thrashing horror (Gauntlet)
  17 sun demons
  5 iron golems
  6 spriggan berserkers
  5 soul eaters
  20 deep elf knights
  3 storm dragon zombies
  A spark wasp zombie (Depths:3)
  7 shadow wraiths
  A death drake (Tar:7)
  4 golden dragon zombies
  6 titan skeletons
  9 iron trolls
  46 hell knights
  2 unseen horrors
  11 anaconda zombies
  A sixfirhy (Depths:3)
  A death drake (shapeshifter) (Depths:5)
  2 ghost moth zombies
  116 skeletal warriors
  2 storm dragon skeletons
  12 shadow demons
  5 sea snakes
  A swamp dragon (shapeshifter) (Depths:2)
  2 spriggan druids (Depths:3)
  18 flayed ghosts
  6 wizards
  A spectral hydra (Crypt:3)
  A glowing orange brain (shapeshifter) (Vaults:5)
  19 deep trolls
  5 golden dragon skeletons
  Pikel (D:8)
  15 ironbrand convokers
  15 deep elf archers
  3 wolf spider zombies
  A lindwurm (Lair:6)
  An orange crystal statue (Depths:2)
  18 harpies
  10 shadow dragon zombies
  10 anaconda skeletons
  An orb spider (shapeshifter) (Vaults:1)
  A mana viper (shapeshifter) (Vaults:5)
  42 wolf spiders
  A wolf spider (shapeshifter) (Vaults:4)
  18 orb spiders
  6 iron dragon zombies
  21 orc knights
  29 necromancers
  5 shadow dragon skeletons
  8 fire giant zombies
  13 cyclopes
  A faun (shapeshifter) (Vaults:1)
  60 deep elf magi
  23 phantasmal warriors
  A moth of wrath (shapeshifter) (Elf:1)
  An oklob plant (Shoals:1)
  3 fauns (Shoals:3)
  9 orc sorcerers
  7 stone giant zombies
  7 frost giant zombies
  7 iron dragon skeletons
  7 frost giant skeletons
  A sphinx skeleton (Vaults:3)
  24 ugly things
  9 rust devils
  12 manticores
  A black mamba (shapeshifter) (Vaults:3)
  A salamander (Lair:5)
  22 elephants
  4 stone giant skeletons
  2 water nymphs
  2 ice statues
  5 fire giant skeletons
  4 centaur zombies
  20 vault sentinels
  36 moths of wrath
  3 dire elephant zombies
  4 black mambas
  A guardian serpent (shapeshifter) (Vaults:1)
  An alligator snapping turtle zombie (Crypt:1)
  12 smoke demons
  2 torpor snails
  3 cane toads
  8 merfolk sirens
  2 emperor scorpion zombies
  An apocalypse crab (Gauntlet)
  4 dire elephant skeletons
  9 molten gargoyles
  34 hellions
  A shock serpent skeleton (Tar:2)
  Maggie (D:6)
  2 gargoyles
  2 rime drakes
  A torpor snail (shapeshifter) (Vaults:1)
  2 orange demons (Hell)
  13 efreet
  25 ice devils
  67 yaktaurs
  26 tormentors
  A catoblepas zombie (Geh:5)
  An anaconda simulacrum (Coc:7)
  5 kobold demonologists
  10 komodo dragons
  A catoblepas skeleton (Geh:4)
  A black draconian skeleton (Geh:7)
  18 demonic crawlers
  34 red devils
  34 freezing wraiths
  A golden dragon simulacrum (Depths:2)
  A human skeleton (Vaults:3)
  A troll (shapeshifter) (Vaults:2)
  A moth of wrath zombie (Crypt:1)
  2 tengu conjurers
  3 wind drakes
  5 trolls
  2 harpy zombies
  24 merfolk
  4 silent spectres
  A polar bear (shapeshifter) (Vaults:1)
  A hornet (shapeshifter) (D:15)
  A tengu simulacrum (Vaults:3)
  19 polar bears
  26 jumping spiders
  12 hydra skeletons
  14 hydra zombies
  A wind drake (shapeshifter) (D:15)
  20 blink frogs
  23 hornets
  A raiju (shapeshifter) (Vaults:4)
  4 snapping turtles
  Prince Ribbit (D:6)
  A harpy skeleton (Geh:2)
  13 hippogriffs
  2 dream sheep (Shoals:1)
  4 alligator zombies
  27 slime creatures
  A frost giant simulacrum (Depths:1)
  A satyr zombie (Crypt:1)
  3 fire dragon zombies
  13 ettin zombies
  38 shadows
  89 redbacks
  2 fire giant simulacra
  4 ice dragon skeletons
  4 air elementals
  24 water elementals
  2 large abominations (Crypt:3)
  2 black mamba zombies
  116 flying skulls
  7 ice dragon zombies
  40 tarantellas
  52 wraiths
  7 basilisks
  8 wyverns
  6 fire dragon skeletons
  44 yaks
  14 spriggans
  3 alligator skeletons
  A black mamba skeleton (Crypt:2)
  2 tarantellas (shapeshifter)
  39 fire elementals
  A human (shapeshifter) (Vaults:4)
  20 humans
  4 fire bats (Geh:4)
  3 golden eyes (shapeshifter)
  8 ettin skeletons
  A steam dragon (Lair:6)
  A basilisk (shapeshifter) (Vaults:5)
  A yaktaur simulacrum (Vaults:2)
  4 soldier ants
  6 porcupines
  17 wargs
  2 acid dragons
  13 cane toad zombies
  A water moccasin (shapeshifter) (Depths:3)
  A floating eye (Depths:4)
  2 hydra simulacra
  9 water moccasins
  74 orc warriors
  A merfolk skeleton (Coc:2)
  72 hell hounds
  11 ice beasts
  5 sky beasts
  A hornet zombie (D:14)
  9 cane toad skeletons
  A meliai simulacrum (D:14)
  A floating eye (shapeshifter) (D:15)
  An ice dragon simulacrum (Crypt:3)
  2 eyes of draining (D:12)
  11 phantoms
  37 necrophages
  28 wolves
  2 manticore zombies
  35 ogres
  A swamp dragon zombie (Coc:4)
  17 boggarts
  6 snapping turtle skeletons
  4 swamp dragon skeletons
  20 centaurs
  8 small abominations
  8 crocodiles
  A lemure (D:8)
  4 manticore skeletons
  9 big kobolds
  22 bullfrogs
  An elf skeleton (Geh:2)
  3 cane toad simulacra
  An earth elemental (Elf:1)
  A komodo dragon skeleton (Crypt:2)
  A salamander skeleton (Crypt:2)
  A wyvern skeleton (D:13)
  8 scorpions
  A spriggan zombie (Tar:6)
  18 killer bees
  A troll zombie (Crypt:1)
  6 howler monkeys
  53 wights
  3 troll skeletons
  A wolf zombie (Crypt:1)
  7 electric eels
  7 lava snakes
  3 crimson imps
  4 bullfrog zombies
  2 iron imps
  A bullfrog skeleton (D:10)
  2 human zombies
  A quasit (Depths:3)
  44 orc priests
  5 hounds
  3 jellies
  7 centaur skeletons
  A gnoll shaman (D:8)
  7 iguanas
  A porcupine zombie (Crypt:2)
  26 worker ants
  30 orc wizards
  An ogre zombie (Geh:7)
  A deep dwarf zombie (Crypt:1)
  A naga zombie (Geh:3)
  A tengu zombie (Geh:7)
  A tengu skeleton (Coc:2)
  A deep dwarf skeleton (Crypt:1)
  A naga skeleton (Geh:3)
  2 mummies
  A howler monkey zombie (D:10)
  4 gnolls (D:8)
  A scorpion zombie (Crypt:2)
  15 adders
  11 shadow imps
  13 white imps
  2 ufetubi
  An ooze (D:1)
  2 adder skeletons
  An adder zombie (D:8)
  A worm (D:4)
  A barachi skeleton (Crypt:1)
  4 leopard geckos
  162 orcs
  2 ball pythons
  4 bats
  10 giant cockroaches
  9 goblins
  4 hobgoblins
  30 jackals
  26 kobolds
  A quokka (D:2)
  5 frilled lizards
  A goblin zombie (Crypt:2)
  A leopard gecko skeleton (D:4)
  2 orc skeletons
  A quokka skeleton (D:4)
  5 rats
  A spectral orc (D:2)
  A crawling corpse (Vaults:4)
  A fire vortex (Geh:7)
  A plant (Shoals:3)
  5 tentacles
3951 creatures vanquished.

Vanquished Creatures (others)
  2 fire giants (Geh:7)
  An elemental wellspring (Coc:4)
  A dancing weapon (Elf:1)
  A sun demon (Hell)
  2 hell hogs
  2 spriggans (Depths:3)
  A spriggan druid (Depths:3)
  A wizard (Vaults:1)
  A jumping spider (Spider:4)
  2 hornets (Depths:3)
  A wraith (Geh:7)
  A fire elemental (Geh:4)
  An orc warrior (Depths:2)
  A necrophage (Geh:2)
  A wight (Geh:3)
  An iron imp (Hell)
  An orc (Orc:1)
  27 fungi
  148 plants
  11 tentacles
  4 toadstools (D:3)
211 creatures vanquished.

Grand Total: 4162 creatures vanquished

Notes
Turn   | Place    | Note
-------+----------+-------------------------------------------
     0 | D:1      | reriks the Minotaur Fighter began the quest for the Orb.
     0 | D:1      | Reached XP level 1. HP: 19/19 MP: 0/0
    20 | D:1      | Reached XP level 2. HP: 19/27 MP: 1/1
   346 | D:1      | Reached skill level 1 in Dodging
   467 | D:1      | Reached XP level 3. HP: 30/33 MP: 2/2
   572 | D:1      | Reached skill level 4 in Fighting
   925 | D:2      | Found a snail-covered altar of Cheibriados.
   925 | D:2      | Found a sparkling altar of Nemelex Xobeh.
   982 | D:2      | Became a worshipper of Cheibriados the Contemplative
  1008 | D:2      | Reached XP level 4. HP: 40/40 MP: 3/3
  1096 | D:2      | Found a basalt altar of Yredelemnul.
  1264 | D:3      | Gained mutation: Your flesh is heat resistant. (rF+)
                  | [potion of mutation]
  1264 | D:3      | Gained mutation: You passively map a small area around you.
                  | [potion of mutation]
  1264 | D:3      | Gained mutation: Your flesh is very heat resistant. (rF++)
                  | [potion of mutation]
  1537 | D:3      | Reached XP level 5. HP: 40/47 MP: 4/4
  1640 | D:3      | You fall into a shaft and drop 1 floor!
  1663 | D:4      | Reached * piety under Cheibriados
  1785 | D:4      | Reached XP level 6. HP: 55/55 MP: 5/5
  1798 | D:4      | Reached skill level 5 in Armour
  1819 | D:4      | Found a staircase to the Ecumenical Temple.
  1858 | D:4      | Reached skill level 5 in Shields
  1880 | D:4      | Reached skill level 5 in Fighting
  2066 | D:4      | Reached ** piety under Cheibriados
  2739 | D:3      | Found an iron altar of Okawaru.
  2739 | D:3      | Found a bloodstained altar of Trog.
  3069 | D:5      | Entered Level 5 of the Dungeon
  3129 | D:5      | Noticed an ice beast
  3145 | D:5      | Killed an ice beast
  3145 | D:5      | Reached XP level 7. HP: 35/61 MP: 2/6
  3784 | D:5      | Reached skill level 5 in Axes
  3784 | D:5      | Reached skill level 1 in Invocations
  3832 | D:5      | Reached *** piety under Cheibriados
  4081 | D:6      | Found a shimmering altar of Xom.
  4132 | D:6      | Reached skill level 6 in Fighting
  4160 | D:6      | Reached XP level 8. HP: 59/70 MP: 8/8
  4371 | D:6      | Noticed Prince Ribbit
  4517 | D:6      | Noticed Maggie
  4533 | D:6      | Killed Maggie
  4663 | D:6      | Found a blossoming altar of Fedhas.
  4773 | D:6      | Killed Prince Ribbit
  4773 | D:6      | Reached skill level 5 in Dodging
  5551 | D:7      | Reached skill level 7 in Fighting
  5551 | D:7      | Reached XP level 9. HP: 64/79 MP: 6/10
  5742 | D:7      | Reached **** piety under Cheibriados
  5838 | D:7      | Found a hide-covered altar of Uskayaw.
  6262 | D:8      | Noticed Harold
  6274 | D:8      | Killed Harold
  6364 | D:8      | Noticed Pikel
  6374 | D:8      | Killed Pikel
  6374 | D:8      | Reached skill level 8 in Fighting
  6433 | D:8      | Reached XP level 10. HP: 79/88 MP: 12/12
  6556 | D:8      | Reached ***** piety under Cheibriados
  6625 | D:8      | Found Qumosios's Antique Weapon Emporium.
  6769 | D:8      | Bought an iridescent arbalest for 275 gold pieces
  6769 | D:8      | Identified the +10 arbalest of Faxeqom {freeze, +Inv rN+}
                  | (You bought it in a shop on level 8 of the Dungeon)
  6825 | D:8      | Reached skill level 1 in Throwing
  6851 | D:8      | Found a glowing golden altar of the Shining One.
  6910 | D:9      | Reached skill level 5 in Invocations
  7658 | D:9      | Found an opulent altar of Gozag.
  7658 | D:9      | Found a broken altar of Ashenzari.
  7663 | D:9      | Found a faded altar of an unknown god.
  7665 | D:9      | Found a faded altar of an unknown god.
  7666 | D:9      | Found a sacrificial altar of Ru.
  7786 | D:10     | Entered Level 10 of the Dungeon
  7792 | D:10     | Paralysed by a hornet for 1 turns
  7818 | D:10     | Noticed a two-headed ogre
  7842 | D:10     | Killed a two-headed ogre
  7957 | D:10     | Reached skill level 9 in Fighting
  8108 | D:10     | Found a staircase to the Lair.
  8122 | D:10     | Reached XP level 11. HP: 97/97 MP: 14/14
  8162 | D:10     | Identified the +4 plate armour of the Last Moons {+Fly rC-
                  | Stlth+}
  8165 | D:10     | Reached ****** piety under Cheibriados
  8618 | D:11     | Found a shimmering altar of Xom.
  8656 | D:11     | Found a roughly hewn altar of Beogh.
  8656 | D:11     | Found a staircase to the Orcish Mines.
  8656 | D:11     | Noticed an orc knight
  8683 | D:11     | Killed an orc knight
  9501 | D:11     | Reached skill level 10 in Armour
  9606 | D:12     | Noticed a two-headed ogre
  9613 | D:12     | Killed a two-headed ogre
  9613 | D:12     | Reached skill level 10 in Fighting
  9613 | D:12     | Reached skill level 10 in Shields
  9882 | D:12     | Reached XP level 12. HP: 91/106 MP: 16/16
 10214 | D:12     | Reached skill level 5 in Throwing
 10280 | D:12     | Reached skill level 10 in Axes
 10683 | D:12     | Got a faintly glowing flail
 10684 | D:12     | Identified the +4 flail of Ehes Wuq {vorpal, rPois rC+
                  | Str+2} (You found it on level 12 of the Dungeon)
 10703 | D:13     | Noticed a centaur warrior
 10708 | D:13     | Killed a centaur warrior
 10733 | D:13     | Reached skill level 1 in Maces & Flails
 10744 | D:13     | Noticed a two-headed ogre
 10755 | D:13     | Killed a two-headed ogre
 11340 | D:14     | Noticed a two-headed ogre
 11349 | D:14     | Killed a two-headed ogre
 11443 | D:14     | Noticed a two-headed ogre
 11454 | D:14     | Killed a two-headed ogre
 11592 | D:15     | Entered Level 15 of the Dungeon
 11592 | D:15     | Noticed a centaur warrior
 11612 | D:15     | Killed a centaur warrior
 11930 | D:14     | Noticed a centaur warrior
 11942 | D:14     | Killed a centaur warrior
 11998 | D:14     | Found a white marble altar of Elyvilon.
 12008 | D:14     | Reached skill level 11 in Fighting
 12360 | Lair:1   | Entered Level 1 of the Lair of Beasts
 12378 | Lair:1   | Found a gate leading to a gauntlet.
 12380 | Lair:1   | Reached XP level 13. HP: 116/116 MP: 18/18
 12395 | Gauntlet | Entered a Gauntlet
 12395 | Gauntlet | Found a transporter.
 12404 | Gauntlet | Noticed a green death
 12405 | Gauntlet | Found a transporter.
 12421 | Gauntlet | Found a transporter.
 12425 | Gauntlet | Found a transporter.
 12441 | Gauntlet | Found a transporter.
 12454 | Gauntlet | Found a runed translucent gate.
 12455 | Gauntlet | Found a transporter.
 12455 | Gauntlet | Found a runed translucent gate.
 12458 | Gauntlet | Found a transporter.
 12462 | Gauntlet | Found a transporter.
 12467 | Gauntlet | Noticed an entropy weaver
 12468 | Gauntlet | Found a runed translucent gate.
 12485 | Gauntlet | Found a transporter.
 12493 | Gauntlet | Found a transporter.
 12493 | Gauntlet | Found a transporter.
 12501 | Gauntlet | Found a transporter.
 12590 | Gauntlet | Got a pair of scorched gloves
 12656 | Gauntlet | Identified the cursed +0 pair of gloves of Disguise {-Cast
                  | MR+ Dex+5} (You found it in a Gauntlet)
 12686 | Gauntlet | Identified the amulet "Jioxtel" {Spirit rF+ Int+4}
 12686 | Gauntlet | Noticed a minotaur
 12700 | Gauntlet | Killed a minotaur
 13527 | Lair:2   | Found a white marble altar of Elyvilon.
 13536 | Lair:2   | Noticed Erica
 13547 | Lair:2   | Killed Erica
 14144 | Lair:2   | Noticed Gastronok
 14155 | Lair:2   | Killed Gastronok
 14155 | Lair:2   | Reached skill level 5 in Maces & Flails
 14718 | Lair:3   | Found a staircase to the Shoals.
 14846 | Lair:3   | Got an ivory hand crossbow
 14847 | Lair:3   | Identified the +5 hand crossbow "Pome" {freeze, rPois rF-
                  | MR+++ MP-9} (You found it on level 3 of the Lair of Beasts)
 15679 | Lair:3   | Reached skill level 10 in Dodging
 15750 | Lair:3   | You fall into a shaft and drop 1 floor!
 15750 | Lair:4   | Found a hole to the Spider Nest.
 15773 | Lair:4   | Reached skill level 1 in Crossbows
 15860 | Lair:4   | Found a frozen archway.
 16016 | IceCv    | Entered an ice cave
 17101 | IceCv    | Reached XP level 14. HP: 125/125 MP: 19/19
 17172 | IceCv    | Noticed a frost giant
 17180 | IceCv    | Killed a frost giant
 18373 | Lair:4   | Noticed Urug
 18383 | Lair:4   | Killed Urug
 18754 | Lair:5   | Reached skill level 12 in Fighting
 19037 | Lair:5   | Reached skill level 5 in Crossbows
 19853 | Lair:6   | Entered Level 6 of the Lair of Beasts
 20212 | Lair:6   | Found a large runed translucent door.
 20316 | Lair:6   | Found a large runed translucent door.
 20487 | Lair:6   | Reached XP level 15. HP: 133/134 MP: 19/21
 20536 | Lair:6   | Found a viscous altar of Jiyva.
 20536 | Lair:6   | Found a staircase to the Slime Pits.
 21325 | Orc:1    | Entered Level 1 of the Orcish Mines
 21325 | Orc:1    | Noticed an orc warlord
 21335 | Orc:1    | Killed an orc warlord
 21360 | Orc:1    | Noticed Snorg
 21367 | Orc:1    | Killed Snorg
 21508 | Orc:1    | Noticed Josephine
 21513 | Orc:1    | Killed Josephine
 21524 | Orc:1    | Noticed Erolcha
 21530 | Orc:1    | Killed Erolcha
 22316 | Orc:2    | Entered Level 2 of the Orcish Mines
 22753 | Orc:2    | Reached skill level 10 in Invocations
 22925 | Orc:2    | Found a staircase to the Elven Halls.
 23257 | Orc:2    | Noticed an orc warlord
 23268 | Orc:2    | Killed an orc warlord
 23411 | Orc:2    | Found a roughly hewn altar of Beogh.
 23645 | Orc:2    | Found Mihaanoo's Gadget Shoppe.
 23758 | Orc:2    | Found Jualaato's Gadget Emporium.
 23940 | Orc:2    | Found a roughly hewn altar of Beogh.
 24013 | Orc:2    | Noticed an orc warlord
 24022 | Orc:2    | Killed an orc warlord
 24176 | Orc:2    | Found Xugom's Book Boutique.
 24195 | Orc:2    | Found Giclixti's Jewellery Shop.
 24235 | Orc:2    | Bought an uncursed ring of see invisible for 255 gold
                  | pieces
 25139 | Orc:2    | Bought a manual of Fighting for 1324 gold pieces
 25508 | Spider:1 | Entered Level 1 of the Spider Nest
 25794 | Spider:1 | Reached skill level 13 in Fighting
 26106 | Spider:1 | Reached XP level 16. HP: 118/143 MP: 22/22
 29193 | Spider:3 | Reached skill level 10 in Crossbows
 30222 | Spider:4 | Entered Level 4 of the Spider Nest
 30234 | Spider:4 | Reached skill level 14 in Fighting
 31549 | Spider:4 | Reached XP level 17. HP: 152/152 MP: 24/24
 32096 | Spider:4 | Noticed Arachne
 32124 | Spider:4 | Reached skill level 10 in Maces & Flails
 32609 | Spider:4 | Noticed Donald
 32622 | Spider:4 | Killed Donald
 32932 | Spider:4 | Killed Arachne
 33382 | Spider:4 | Reached skill level 10 in Throwing
 34250 | Spider:4 | Got a gossamer rune of Zot
 35326 | D:14     | Found a gate to the Vaults.
 35336 | D:14     | Reached skill level 15 in Fighting
 36228 | D:15     | Found a staircase to the Depths.
 36266 | D:15     | Identified the cursed +1 quarterstaff "Sitoxon" {drain, MR+
                  | Str+3 Stlth+}
 36810 | Depths:1 | Entered Level 1 of the Depths
 37024 | Vaults:1 | Entered Level 1 of the Vaults
 37064 | Vaults:1 | Reached XP level 18. HP: 151/163 MP: 7/25
 38124 | Vaults:1 | Reached skill level 16 in Fighting
 38817 | Vaults:1 | Found the +9 heavy crossbow "Sniper" {vorpal, Acc+∞ SInv}
 38981 | Vaults:1 | Found the +4 Cigotuvi's embrace {rRot *Drain rN+}
 40516 | Vaults:2 | Reached skill level 15 in Armour
 40965 | Vaults:2 | Reached skill level 15 in Shields
 40965 | Vaults:2 | Reached XP level 19. HP: 168/174 MP: 25/27
 41182 | Vaults:2 | Reached skill level 15 in Axes
 42353 | Vaults:3 | Reached skill level 17 in Fighting
 45078 | Vaults:3 | Found a staircase to the Crypt.
 46166 | Vaults:4 | Reached XP level 20. HP: 147/187 MP: 17/28
 47455 | Vaults:4 | Reached skill level 18 in Fighting
 48243 | Vaults:5 | Entered Level 5 of the Vaults
 48243 | Vaults:5 | Noticed a golden dragon
 48255 | Vaults:4 | Killed a golden dragon
 49784 | Vaults:5 | Identified the ring of Odiozos {Str+2 Slay+4}
 50018 | Vaults:5 | Reached XP level 21. HP: 76/195 MP: 1/30
 50397 | Vaults:5 | Noticed a golden dragon
 50402 | Vaults:4 | Paralysed by a sphinx for 3 turns
 51028 | Vaults:5 | Identified the +9 long sword "Mebocati" {drain, rF++ Int-2}
 51185 | Vaults:5 | Got a distressingly furry cloak
 51186 | Vaults:5 | Identified the cursed +0 cloak of Noughts and Crosses
                  | {-Tele +Inv rN++ Int+4} (You found it on level 5 of the
                  | Vaults)
 51221 | Vaults:5 | Reached skill level 15 in Dodging
 51718 | Vaults:5 | Got a pair of smoking boots
 51719 | Vaults:5 | Identified the +1 pair of boots "Hiunn" {Rampage rC+ MP+9}
                  | (You found it on level 5 of the Vaults)
 52205 | Vaults:5 | Noticed Mara
 52208 | Vaults:5 | Noticed reriks's illusion
 52241 | Vaults:5 | Killed Mara
 52263 | Vaults:5 | Noticed a golden dragon
 52283 | Vaults:5 | Killed a golden dragon
 52314 | Vaults:5 | Noticed an ancient lich
 52432 | Vaults:5 | Killed an ancient lich
 52964 | Vaults:5 | Got a silver rune of Zot
 53119 | Vaults:5 | Identified Sif Muna's Almanac of Bewitchment
 53161 | Vaults:5 | Noticed Frederick
 53170 | Vaults:5 | Killed Frederick
 53668 | Vaults:5 | Killed a golden dragon
 54145 | Elf:1    | Entered Level 1 of the Elven Halls
 55303 | Elf:1    | Reached skill level 19 in Fighting
 55404 | Elf:1    | Noticed Roxanne
 55434 | Elf:1    | Killed Roxanne
 55434 | Elf:1    | Reached XP level 22. HP: 155/205 MP: 19/31
 55934 | Elf:2    | Noticed Jorgrun
 55947 | Elf:2    | Killed Jorgrun
 57359 | Elf:2    | Got a jewelled morningstar
 57360 | Elf:2    | Identified the +6 morningstar "Micissas" {vorpal, Fragile
                  | rN+ MR+ Str+4} (You found it on level 2 of the Elven Halls)
 57401 | Elf:2    | Found a runed translucent gate.
 57409 | Elf:2    | Found a runed translucent gate.
 57409 | Elf:2    | Found a runed translucent gate.
 58996 | Elf:3    | Entered Level 3 of the Elven Halls
 60598 | Elf:3    | Reached skill level 15 in Maces & Flails
 61197 | Elf:3    | Noticed a golden dragon
 61203 | Elf:3    | Killed a golden dragon
 62057 | Elf:3    | Identified the +1 broad axe of the Wilderness {holy, *Slow
                  | +Rage rF+ rC+}
 62866 | Elf:3    | Got an encrusted cloak
 62867 | Elf:3    | Identified the +0 cloak of Knowledge {Harm *Slow Int+6
                  | SInv} (You found it on level 3 of the Elven Halls)
 62885 | Elf:3    | Identified the Volume of the Immovable Teeth
 62913 | Elf:3    | Identified Juaq's Second Course in Secret Knowledge
 64101 | Depths:2 | Noticed Saint Roka
 64114 | Depths:2 | Killed Saint Roka
 64124 | Depths:2 | Noticed the Enchantress
 64137 | Depths:2 | Reached XP level 23. HP: 95/214 MP: 17/33
 64139 | Depths:2 | Killed the Enchantress
 64495 | Depths:1 | Identified a scroll of acquirement
 64495 | Depths:1 | Acquired the amulet "Ziath" {rN+ Regen+}
 64940 | Shoals:1 | Entered Level 1 of the Shoals
 64940 | Shoals:1 | Found Beti's Armour Emporium.
 65093 | Shoals:1 | Got a crude great sword
 65474 | Shoals:1 | Found Maakyif's General Store.
 65489 | Shoals:1 | Bought a scroll of teleportation for 42 gold pieces
 65489 | Shoals:1 | Bought a scroll of teleportation for 42 gold pieces
 65564 | Shoals:1 | Found Ligut's Weapon Emporium.
 65651 | Shoals:1 | Found a basalt altar of Yredelemnul.
 65691 | Shoals:1 | Found Leufez's Book Emporium.
 65852 | Shoals:1 | Reached skill level 15 in Invocations
 66251 | Shoals:2 | Found Wytel's Gadget Emporium.
 67087 | Shoals:2 | Noticed Polyphemus
 67103 | Shoals:2 | Killed Polyphemus
 67500 | Shoals:4 | Entered Level 4 of the Shoals
 68179 | Shoals:3 | Noticed Nikola
 68191 | Shoals:3 | Killed Nikola
 69329 | Shoals:4 | Reached skill level 20 in Fighting
 69479 | Shoals:4 | Got a barnacled rune of Zot
 69539 | Shoals:4 | Noticed Ilsuiw
 69548 | Shoals:4 | Killed Ilsuiw
 71800 | Depths:1 | Found a gateway to Hell.
 72153 | Depths:2 | Found a broken altar of Ashenzari.
 72314 | Depths:2 | Found Exzucsef's Gadget Boutique.
 72315 | Depths:2 | Found Saloi's Jewellery Emporium.
 72316 | Depths:2 | Found Geagi's Gadget Boutique.
 72873 | Depths:2 | Reached XP level 24. HP: 211/224 MP: 33/33
 73001 | Depths:2 | Noticed a juggernaut
 73005 | Depths:2 | Identified the amulet "Bamiasodd" {Spirit +Fly Int+4
                  | Stlth-}
 73320 | Depths:2 | Found Voti's Antique Armour Shop.
 73463 | Depths:2 | Bought a pair of glowing gloves for 232 gold pieces
 73877 | Depths:2 | Noticed a juggernaut
 73884 | Depths:2 | Killed a juggernaut
 73937 | Depths:2 | Found the ring of Phasing {EV+8}
 73938 | Depths:2 | Noticed a juggernaut
 73946 | Depths:2 | Killed a juggernaut
 74248 | Depths:2 | Killed a juggernaut
 74266 | Depths:2 | Identified the Catalogue of Quantum Darkness
 75275 | Depths:3 | Noticed Mennas
 75280 | Depths:3 | Killed Mennas
 76151 | Depths:3 | Reached XP level 25. HP: 224/234 MP: 34/34
 76214 | Depths:3 | Reached skill level 21 in Fighting
 76415 | Depths:3 | Found a one-way gate leading to the halls of Pandemonium.
 77436 | Depths:4 | Found a glowing golden altar of the Shining One.
 77438 | Depths:4 | Found a one-way gate to the infinite horrors of the Abyss.
 77565 | Depths:4 | Paralysed by a floating eye for 3 turns
 77574 | Depths:4 | Paralysed by a floating eye for 2 turns
 77890 | Depths:4 | Identified the +7 flail of the Puffin {chaos, Str+5 Int-3}
 78129 | Depths:5 | Entered Level 5 of the Depths
 78670 | Depths:5 | Found a gateway to a ziggurat.
 78670 | Depths:5 | Noticed a juggernaut
 78686 | Depths:5 | Killed a juggernaut
 79125 | Depths:5 | Found a gate to the Realm of Zot.
 79401 | Zot:1    | Entered Level 1 of the Realm of Zot
 79888 | Zot:1    | Reached XP level 26. HP: 184/245 MP: 34/34
 80370 | Zot:1    | Identified the +5 quarterstaff of Ravage {spect, rF+ Str+5
                  | Stlth+}
 80371 | Zot:1    | Identified the +5 quarterstaff of Ravage {spect, rF+ Str+5
                  | Stlth+}
 80809 | Zot:1    | You fall into a shaft and drop 1 floor!
 83065 | Zot:3    | Reached skill level 22 in Fighting
 83285 | Zot:3    | Gained mutation: Your spells are a little harder to cast,
                  | but a little more powerful. [an orb of fire]
 83286 | Zot:3    | Noticed an orb of fire
 83293 | Zot:2    | Killed an orb of fire
 83862 | Zot:2    | Reached skill level 15 in Throwing
 84163 | Zot:2    | Reached XP level 27. HP: 254/254 MP: 34/34
 86593 | Zot:5    | Entered Level 5 of the Realm of Zot
 87434 | Crypt:1  | Entered Level 1 of the Crypt
 87454 | Crypt:1  | Reached skill level 1 in Stealth
 89771 | Crypt:1  | Noticed a greater mummy
 89792 | Crypt:1  | Killed a greater mummy
 89900 | Crypt:1  | Noticed a greater mummy
 89908 | Crypt:1  | Killed a greater mummy
 89910 | Crypt:1  | Noticed a greater mummy
 89918 | Crypt:1  | Killed a greater mummy
 90033 | Crypt:1  | Found the +7 sceptre of Torment {pain, torment}
 90715 | Crypt:2  | Reached skill level 5 in Stealth
 90920 | Crypt:3  | Entered Level 3 of the Crypt
 90930 | Crypt:3  | Got a pair of masterwork boots
 90942 | Crypt:3  | Identified the cursed -5 pair of boots "Imimod" {rPois MR+}
                  | (You found it on level 3 of the Crypt)
 91915 | Crypt:3  | Found an ancient bone altar of Kikubaaqudgha.
 93408 | Crypt:3  | Identified the Almanac of the Snowflakes
 93662 | Crypt:3  | Identified the Catalogue of Cloudy Curses
 93987 | Crypt:3  | Reached skill level 23 in Fighting
 94210 | Crypt:3  | Got a steaming scale mail
 94211 | Crypt:3  | Identified the +4 scale mail "Sasefuv" {MR- Regen+ Int+6}
                  | (You found it on level 3 of the Crypt)
 94366 | Crypt:3  | Found a staircase to the Tomb.
 94859 | Hell     | Entered the Vestibule of Hell
 94859 | Hell     | Noticed Geryon
 94877 | Hell     | Noticed Murray
 94884 | Hell     | Killed Geryon
 95248 | Depths:1 | Killed Murray
 95453 | Hell     | Found a gateway to the decaying netherworld of Tartarus.
 95562 | Hell     | Found a gateway to the freezing wastes of Cocytus.
 95892 | Hell     | Found a gateway to the ashen valley of Gehenna.
 95934 | Hell     | Found a gateway to the Iron City of Dis.
 95973 | Coc:1    | Entered Level 1 of Cocytus
 96455 | Coc:2    | Reached skill level 1 in Spellcasting
 97344 | Coc:5    | Reached skill level 10 in Stealth
 97714 | Coc:7    | Entered Level 7 of Cocytus
 98323 | Coc:7    | Noticed the Serpent of Hell
 98436 | Coc:7    | Killed the Serpent of Hell
 99123 | Geh:1    | Entered Level 1 of Gehenna
100534 | Geh:5    | Reached skill level 24 in Fighting
101465 | Geh:3    | Reached skill level 5 in Spellcasting
101815 | Geh:7    | Entered Level 7 of Gehenna
103206 | Geh:7    | Got a bloodstained falchion
103207 | Geh:7    | Identified the Catalogue of Evil Clay
103209 | Geh:7    | Identified the +4 falchion of Wealth {protect, Str-5 Int+2
                  | Dex+4 SInv} (You found it on level 7 of Gehenna)
103951 | Geh:7    | Identified the +7 sceptre of Asmodeus
103951 | Geh:7    | Noticed Asmodeus
103972 | Geh:7    | Killed Asmodeus
104154 | Geh:7    | Got an obsidian rune of Zot
104390 | Hell     | Learned a level 9 spell: Fire Storm
104391 | Tar:1    | Entered Level 1 of Tartarus
104803 | Tar:1    | Reached skill level 1 in Fire Magic
106298 | Tar:2    | Reached skill level 25 in Fighting
107300 | Tar:7    | Entered Level 7 of Tartarus
107667 | Tar:7    | Noticed Ereshkigal
107692 | Tar:7    | Slain by Ereshkigal

Illustrated notes

Levels and vault maps discovered:
D:1:      moated_graveyard_arrival, layout_loops_ring, nrook_uturn
D:2:      layout_rooms, yredelemnul_forgotten_temple_becter,
          chequers_temple_overflow_statue_of_worship
D:3:      layout_loops_cross, amethyst_overflow_temple_binary,
          minmay_gold_behind_fungi
D:4:      layout_loops_ring, minmay_temple_entry_poolview, st_stairs_5
D:5:      layout_basic
D:6:      layout_loops_ring, brannock_xom_greatest_gift, old_standard_altar,
          uniq_maggie, uniq_prince_ribbit1
D:7:      layout_loops_ring, kennysheep_little_box
D:8:      layout_rooms, marbit_many_paths, serial_shops, shop, uniq_pikel,
          uniq_harold
D:9:      layout_loops_ring, chequers_temple_overflow_minitemple
D:10:     layout_rooms, lair_entry_dummy
D:11:     layout_loops_corners, david_orc_5, basic_altar
D:12:     layout_stronghold
D:13:     layout_gridville
D:14:     layout_big_octagon, grunt_vaults_entry_tiered, elyvilon_altar_5,
          kennysheep_generic_room_4
D:15:     gammafunk_enter_depths_forms, layout_irregular_city,
          minmay_misc_feat_hallway, grunt_ministairs_11,
          hangedman_abyss_or_decor_lesser_grid, minivault_8
Lair:1:   layout_cave_shapes, gauntlet_entry_generic, grunt_megastairs_4
Lair:2:   layout_small_grid, basic_altar, chequers_serial_rivers_large_a,
          minmay_another_anthill, uniq_erica, uniq_gastronok
Lair:3:   layout_hall_layers, shoals_dummy_entry
Lair:4:   layout_gridlike, spider_nest_entry_a,
          portal_ice_cave_entry_animals_and_master, grunt_megastairs_2,
          uniq_urug
Lair:5:   mu_elephants_graveyard, layout_gridlike, serial_bayou_shore_a,
          grunt_megastairs_3
Lair:6:   cheibrodos_lair_end_hotspot, layout_regular_city, slime_altar_1
Shoals:1: layout_shoals, serial_shops, nicolae_shop_window_shopping, shop,
          nicolae_shop_crystal, shop, lemuel_oklob_altar
Shoals:2: layout_shoals, serial_shops, nicolae_shop_trees, uniq_polyphemus
Shoals:3: layout_shoals, uniq_nikola
Shoals:4: shoals_end_grunt_ice, layout_shoals, shoal_ilsuiw
Spider:1: layout_spider_delve, nicolae_crawler_farm
Spider:2: layout_spider_delve
Spider:3: layout_spider_delve
Spider:4: johnstein_spider_rune_arachne_lair, nicolae_orb_island, uniq_donald
Orc:1:    layout_diamond_mine, uniq_josephine, uniq_snorg, uniq_erolcha
Orc:2:    pubby_orc_utopia
Elf:1:    eino_elf_arrival_shootout, layout_onion_city, minivault_28,
          minivault_4, uniq_roxanne
Elf:2:    layout_onion_city, uniq_jorgrun
Elf:3:    grunt_elf_hall_diamonds, layout_loops_corners
Vaults:1: vaults_standard_mumra_lines, vaults_standard_mumra_x, v_rooms_5,
          hangedman_vaults_stretched_pinwheel, nicolae_vaults_what_the_h,
          minmay_guarded_unrand_secular_launcher, v_misc_1,
          ontoclasm_vaults_gateway, vaults_mumra_chevron,
          hangedman_vaults_snaps, layout_vaults_big_room
Vaults:2: nicolae_vaults_holding_cells, nicolae_vaults_arrows,
          nicolae_vaults_little_squares_5, v_misc_1, vaults_room_corners,
          ontoclasm_vaults_pinch, ontoclasm_vaults_ring_large,
          grunt_vaults_diagonal, grunt_vaults_swirl, v_misc_9, vaults_dpeg_ring,
          nicolae_vaults_hallways_thing, vaults_room_stairs_pillars,
          layout_vaults_omnibox
Vaults:3: minmay_crypt_entry_simple_round, v_misc_19, vaults_dpeg_cross,
          nicolae_vaults_network_s, nicolae_vaults_angled_halls,
          vaults_room_boxed, v_misc_23, ontoclasm_vaults_spin,
          hangedman_vaults_unwind, v_misc_28, ontoclasm_vaults_claustrophobia,
          nicolae_vaults_little_squares_2, layout_vaults_maze_bifur,
          serial_glass
Vaults:4: hangedman_vaults_corner_blocks, nicolae_vaults_angled_halls,
          v_misc_31, nicolae_vaults_network_barrier,
          nicolae_vaults_little_squares_4, v_misc_33, v_pattern_5,
          nicolae_vaults_inception_scallops, vaults_mumra_hex,
          nicolae_vaults_three_branches, grunt_vaults_hallway_short,
          vaults_room_hallway, ontoclasm_vaults_idyll, layout_vaults_ring
Vaults:5: uniq_mara, uniq_frederick
Crypt:1:  minmay_guarded_unrand_sceptre_of_torment, layout_misc_corridors,
          roderic_lattice_octagonal_star, grunt_crypt_arrival_webbed
Crypt:2:  layout_rooms, minmay_misc_feat_columns
Crypt:3:  grunt_crypt_end_deaths_head
Depths:1: layout_forbidden_donut, serial_bayou, serial_bayou_pond_c,
          serial_bayou_pond_c, serial_bayou_pond_c, serial_bayou_lagoon_a,
          grunt_mini_vestibule, serial_bayou_crossing
Depths:2: gammafunk_depths_water_palace, layout_gridlike, serial_shops, shop,
          evilmike_ruin_ashenzari, grunt_hell_entry_dis_grunt,
          minmay_shop_grove, infiniplex_staircase_spiral, uniq_saint_roka,
          uniq_enchantress
Depths:3: kb_forest_paths, layout_basic, hell_entry, serial_curves,
          eino_curves_01, eino_curves_03, grunt_pan_entry_sceptre, uniq_mennas
Depths:4: minmay_triangles_in_corner, layout_cave_pools, hell_entry,
          tso_metal_star, abyss_entry, dk_noncrumbling_3, serial_bayou_pond_a,
          hangedman_decor_clover_reticule, infiniplex_staircase_spiral_double
Depths:5: grunt_x_marks_the_spot, layout_gridville, enter_ziggurat_a,
          hell_entry, minmay_strange_pillars, uniq_margery
Hell
Geh:1:    layout_gehenna_lava_caves
Geh:2:    layout_gehenna_lava_caves, lemuel_flamethrower_3
Geh:3:    layout_gehenna_lava_caves
Geh:4:    layout_gehenna_pools_box
Geh:5:    layout_gehenna_pools_box
Geh:6:    layout_gehenna_pools_triple
Geh:7:    evilmike_geh
Coc:1:    layout_cocytus_water_paths
Coc:2:    layout_ice_bergs
Coc:3:    layout_cocytus_water_paths
Coc:4:    layout_cocytus_water_paths
Coc:5:    layout_cocytus_water_paths
Coc:6:    layout_cocytus_water_paths
Coc:7:    coc_dpeg
Tar:1:    layout_cathedral_of_symmetry
Tar:2:    layout_cathedral_of_symmetry
Tar:3:    layout_catacombs
Tar:4:    layout_cathedral_of_symmetry
Tar:5:    layout_catacombs
Tar:6:    layout_cathedral_of_symmetry
Tar:7:    tar_old
Zot:1:    kennysheep_blocky_room, layout_basic
Zot:2:    layout_cathedral_of_symmetry
Zot:3:    layout_misc_corridors
Zot:4:    layout_misc_corridors
Zot:5:    layout_cathedral_of_symmetry, lemuel_baited_zot_trap

Skill      XL: |  1  2  3  4  5  6  7  8  9 10 11 12 13 14 15 16 17 18 19 20 21 22 23 24 25 26 27 |
---------------+----------------------------------------------------------------------------------+-----
Dodging        | 1 2 3 4 5 6 7 8 9 10 11 12 13 14 15 16 17 18 19 22 | 22.5
Shields        | 4 5 6 7 8 9 10 11 12 13 14 15 16 17 18 19 20 24 | 24.2
Armour         | 4 5 6 7 8 9 10 11 12 13 14 15 16 17 18 19 20 24 | 24.2
Fighting       | 4 5 6 7 8 9 10 11 12 13 14 15 16 17 18 19 20 21 22 25 | 25.3
Axes           | 3 4 5 6 7 8 9 10 11 12 13 14 15 16 17 18 | 18.9
Invocations    | 1 3 4 5 6 8 9 10 11 12 13 14 15 16 17 20 | 20.4
Throwing       | 3 4 6 7 8 9 10 11 12 13 14 15 17 | 17.8
Maces & Flails | 3 5 7 8 9 10 11 12 13 14 15 16 17 18 19 22 | 22.6
Crossbows      | 3 6 8 10 11 12 13 14 | 14.2
Stealth        | 13 | 13.1
Spellcasting   | 8 |  8.1
Fire Magic     | 4 |  4.8

Action                   |  1- 3 |  4- 6 |  7- 9 | 10-12 | 13-15 | 16-18 | 19-21 | 22-24 | 25-27 || total
-------------------------+-------+-------+-------+-------+-------+-------+-------+-------+-------++-------
Melee: War axe           |    79 |   139 |   183 |   394 |       |       |       |       |       ||   795
       Headbutt          |    11 |    26 |    64 |   190 |   434 |   408 |   520 |   496 |  2022 ||  4171
       Flail             |       |       |       |   145 |  1126 |   987 |  1108 |    36 |       ||  3402
       Morningstar       |       |       |       |       |       |       |       |  1413 |  4386 ||  5799
       Broad axe         |       |       |       |       |       |       |       |       |   590 ||   590
 Fire: Hand crossbow     |       |       |       |       |    16 |   445 |   136 |    69 |     5 ||   671
       Heavy crossbow    |       |       |       |       |       |     7 |       |       |       ||     7
Throw: Boomerang         |       |       |       |    40 |       |       |       |       |       ||    40
       Javelin           |       |       |       |       |    50 |    34 |    45 |    79 |   127 ||   335
Invok: Bend Time         |       |     1 |     5 |    10 |     9 |     5 |     5 |       |     8 ||    43
       Temporal Distorti |       |       |       |     4 |       |       |     1 |       |       ||     5
       Slouch            |       |       |       |     2 |     4 |    18 |    19 |    10 |    14 ||    67
       Step From Time    |       |       |       |       |       |       |       |     1 |     2 ||     3
 Abil: Evoke Flight      |       |       |       |     1 |       |     1 |       |       |       ||     2
Evoke: Wand              |       |       |       |     2 |     3 |    10 |       |    10 |    14 ||    39
       Horn of Geryon    |       |       |       |       |       |       |       |       |     1 ||     1
  Use: Scroll            |       |     4 |     3 |    10 |    13 |     7 |     9 |    10 |     7 ||    63
       Potion            |       |     1 |       |       |     1 |     3 |       |     1 |    10 ||    16
 Stab: Sleeping          |       |       |       |     1 |       |       |       |       |       ||     1
       Held in net/web   |       |       |       |       |       |     1 |       |       |       ||     1
       Petrified         |       |       |       |       |       |       |       |     2 |       ||     2
       Distracted        |       |       |       |       |       |       |       |       |     2 ||     2
Armor: Scale mail        |    47 |    69 |    47 |    22 |       |       |       |       |       ||   185
       Plate armour      |       |       |       |    91 |   300 |   315 |   123 |       |       ||   829
       Gold dragon scale |       |       |       |       |       |       |   137 |   349 |   878 ||  1364
Dodge: Dodged            |    18 |    59 |    62 |   250 |   664 |   690 |   593 |   896 |  4085 ||  7317
       Repelled          |       |       |       |       |       |       |       |     9 |    69 ||    78
Block: Kite shield       |    39 |    80 |   155 |   521 |  1189 |  1089 |   888 |  1218 |  5025 || 10204
       Reflection        |       |       |       |       |       |    39 |   105 |   118 |    66 ||   328

Table legend: (Time is in decaauts)
 A = Elapsed time spent in this place.
 B = Non-inter-level travel time spent in this place.
 C = Inter-level travel time spent in this place.
 D = Time resting spent in this place.
 E = Time spent auto-exploring this place.
 F = Levels seen in this place.
 G = Mean time per level.
                   A        B        C        D        E       F      G
               +--------+--------+--------+--------+--------+-----+--------+
         Total | 150680 | 130781 |  19899 |  40802 |  58840 |  76 | 1982.6 |
       Dungeon |  25414 |  19763 |   5651 |   2881 |  13695 |  15 | 1694.3 |
          Lair |  12254 |   9265 |   2989 |    290 |   7595 |   6 | 2042.3 |
        Shoals |   7388 |   6918 |    470 |   2119 |   3204 |   4 | 1847.0 |
   Spider Nest |  11966 |  11033 |    933 |   4902 |   4725 |   4 | 2991.5 |
  Orcish Mines |   5769 |   4624 |   1145 |    904 |   2872 |   2 | 2884.5 |
   Elven Halls |  12242 |  11325 |    917 |   5093 |   3911 |   3 | 4080.7 |
        Vaults |  23384 |  20838 |   2546 |   8371 |   9112 |   5 | 4676.8 |
         Crypt |   7452 |   6793 |    659 |   2753 |   2116 |   3 | 2484.0 |
        Depths |  15338 |  12376 |   2962 |   3537 |   5904 |   5 | 3067.6 |
          Hell |   2079 |   1746 |    333 |    614 |    585 |   1 | 2079.0 |
       Gehenna |   6505 |   6505 |      0 |   1640 |     61 |   7 |  929.3 |
       Cocytus |   3004 |   3004 |      0 |    829 |      8 |   7 |  429.1 |
      Tartarus |   3314 |   3314 |      0 |    960 |    258 |   7 |  473.4 |
           Zot |  11143 |   9854 |   1289 |   4623 |   3289 |   5 | 2228.6 |
      Ice Cave |   2437 |   2437 |      0 |    903 |   1101 |   1 | 2437.0 |
      Gauntlet |    985 |    985 |      0 |    379 |    400 |   1 |  985.0 |
               +--------+--------+--------+--------+--------+-----+--------+

Top non-repeatable levels by time:
   Elf:3: 5827 daAuts
Vaults:4: 5515 daAuts
Depths:2: 4916 daAuts
Vaults:5: 4766 daAuts
Vaults:3: 4682 daAuts
   Orc:2: 4599 daAuts
Spider:4: 4390 daAuts
Vaults:2: 4334 daAuts
   Zot:2: 4245 daAuts
Vaults:1: 4086 daAuts
 Crypt:3: 3999 daAuts
   Elf:2: 3851 daAuts
    D:11: 3620 daAuts
   Geh:7: 3124 daAuts
Depths:1: 3110 daAuts
